Unix NetHack Version 5.0.0-0 post-release - last build May 31 2026 23:59:36 (970b52f25bf058293b47ddfd14a1e40e571c508c,branch:main).

Game began 2026-06-03 13:00:00, ended 2026-06-03 14:50:45.

DiePARTEI, neutral female human Tourist

                          ----
                          |..--                   -----     -----
       ----               |...|                   |...|     |...--
     ---..|               |..--                 ---...|     |....----------
    --....--   ----      --.--               ---|....-- --- ---....--.....--
    |......--  |..|      |..|         ---- ---.--...-----.-----............|
    |-......|  |..----   |.--         |..---........--.....................|
    |.......-----....|   #.|     --- --dd.......%.%........----.........|..|
    |-........------.|  --.|    --.---.@d.....)..------....-- --.....-.-----
    |....--.....-- |.----..#    |......---....%---    --...>-- --..--..|
    --.-----.....| |..|-..--#   |......| --0...|       |.....|  ----..--
     ---   |.---.----.|...|  #  ----...| --....--      --.|.--   |...--
           --- |..---.....|   #    |..-- |......----    ----------.-------
               |..........-----##----#-#--.[.......|         |..|...---..---
               |..................................--         |.............|
               --.--........-----#-......p.-#--...|          ----.....--...|
                -----.......--  |......0...#  --.--             --...-------
                    |-.......|  |.....----.|   ---               -----
                    |<....|.--  ---..--  ---
                    --.|.----     |..|
                     -----        ----
DiePARTEI the Excursionist  St:10 Dx:12 Co:17 In:13 Wi:10 Ch:15  Neutral
Dlvl:6  $:1786 HP:0(74) Pw:58(58) AC:-2 Xp:9 T:8306  Fainting Stressed

Latest messages:
 The wolf just misses!
 The wolf just misses!
 The wolf bites!
 The wolf bites!
 The wolf bites!
 The wolf bites!
 The wolf bites!
 The wolf bites!
 The wolf bites!
 The wolf bites!
 The wolf bites!
 The wolf bites!
 The wolf bites!
 The wolf bites!
 The wolf bites!
 The wolf bites!
 The wolf bites!
 You regain consciousness.
 The wolf bites!
 The wolf bites!
 The wolf bites!
 Are you sure you want to pray? [yn] (n) y
 You begin praying to The Lady.
 The wolf bites!
 The wolf bites!
 The wolf bites!
 The wolf bites!
 The wolf bites!
 The wolf bites!
 The wolf bites!
 The wolf misses!
 The wolf bites!
 You finish your prayer.
 You feel that The Lady is displeased.
 What do you want to zap? [frtvG or ?*] v
 In what direction? 8
 The bolt of cold hits the wolf!
 The bolt of cold hits the wolf!
 You kill the wolf!
 The wolf bites!
 The wolf bites!
 The wolf bites!
 The wolf bites!
 The wolf bites!
 You die...
 Do you want your possessions identified? [ynq] (y) y
 Do you want to see your attributes? [ynq] (y) y
 Do you want an account of creatures vanquished? [ynaq] (y) y
 Do you want to see your conduct and achievements? [ynq] (y) y
 Do you want to see the dungeon overview? [ynq] (y) y

Inventory:
 Coins    ('$')
  $ - 1786 gold pieces
 Amulets  ('"')
  j - an uncursed amulet of ESP (being worn)
  T - a cursed amulet of magical breathing
 Weapons  (')')
  a - 6 +2 darts
  y - 2 +0 darts
  c - 4 +0 daggers (at the ready)
 Armor    ('[')
  x - an uncursed +0 helmet (being worn)
  p - an uncursed +0 pair of leather gloves (being worn)
  Y - an uncursed +0 pair of iron shoes (being worn)
  B - an uncursed +0 small shield (being worn)
  S - an uncursed rotted +0 cloak of displacement (being worn)
  F - a blessed +0 mummy wrapping
  k - an uncursed +0 Hawaiian shirt with a plumeria motif (being worn)
  A - an uncursed +1 splint mail (being worn)
 Scrolls  ('?')
  D - an uncursed scroll of food detection
  u - a cursed scroll of light
 Rings    ('=')
  e - a cursed ring of conflict
 Wands    ('/')
  t - a cursed wand of cancellation (0:5)
  v - a wand of cold (0:6)
  r - a cursed wand of magic missile named empty (0:0)
  f - a wand of striking (0:0)
  G - a cursed wand of striking (0:1)
 Tools    ('(')
  s - an uncursed sack containing 15 items
  l - an expensive camera (0:59)
  W - the blessed Orb of Fate (0:5)
 Gems/Stones  ('*')
  O - a cursed amethyst stone
  g - an uncursed dilithium crystal
  m - an uncursed garnet stone
  z - an uncursed topaz stone
  L - an uncursed worthless piece of blue glass
  N - a cursed worthless piece of green glass
  o - an uncursed worthless piece of white glass
  P - a cursed worthless piece of white glass
  R - an uncursed worthless piece of yellow glass
  I - 2 cursed worthless pieces of yellow glass

Contents of the sack:
  2 cursed scrolls of charging
  a cursed scroll of earth
  an uncursed scroll of enchant weapon
  a cursed scroll of enchant weapon
  a cursed scroll of identify
  a blessed scroll of magic mapping
  an uncursed scroll of magic mapping
  3 uncursed scrolls of teleportation
  an uncursed potion of gain ability
  an uncursed potion of object detection
  an uncursed potion of paralysis
  5 uncursed potions of water
  an uncursed lock pick
  a blessed magic marker (0:12)
  a blessed magic marker (0:2)

DiePARTEI the Tourist's attributes:

Background:
 You were an Excursionist, a level 9 female human Tourist.
 You were neutral, on a mission for The Lady
 who was opposed by Blind Io (lawful) and Offler (chaotic).
 You were right-handed.
 You were in the Gnomish Mines, on level 6.
 You entered the dungeon 8306 turns ago.
 You had 2891 experience points, 2229 more were needed to attain level 10.

Basics:
 You had 0 out of 74 hit points.
 You had all 58 energy points (spell power).
 Your armor class was -2.
 Your wallet contained 1786 zorkmids.
 Autopickup was off.

Final Characteristics:
 Your strength was 10 (base:11, peak:17, limit:18/100).
 Your dexterity was 12 (limit:18).
 Your constitution was 17 (limit:18).
 Your intelligence was 13 (limit:18).
 Your wisdom was 10 (peak:12, limit:18).
 Your charisma was 15 (limit:18).

Final Status:
 You were fainting due to starvation.
 You were stressed; movement was moderately slowed.
 You were empty handed.
 You were skilled in bare handed combat.

Final Attributes:
 You were piously aligned.
 You were telepathic.
 You were warned.
 You were displaced.
 You were warded.
 You took half physical damage.
 You took half spell damage.
 Your spell casting was impaired by metallic armor.
 You were fast.
 You were lucky.
 You had extra luck.
 Good luck did not time out for you.
 The Lady was angry with you.
 You are dead.

Miscellaneous:
 You encountered 1 bones level.
 Total elapsed playing time was 1 hour, 50 minutes and 45 seconds.

Major events:
 Turn
    1: DiePARTEI the neutral female human Tourist entered the dungeon
  918: attained the rank of Sightseer (level 3)
 1370: entered the Gnomish Mines
 1521: reached Mine Town
 2030: attained the rank of Excursionist (level 6)
 2593: made her first wish - "blessed Orb of Fate", got "a glass orb named the Orb of Fate"
 8306: killed by a wolf

Spells:
 Name                 Level Category     Fail Retention
 knock                  1   matter       100%   51%-75%

Skills:
 Fighting Skills
   bare handed combat [Skilled]
   two weapon combat  [Unskilled]
   riding             [Unskilled]
 Weapon Skills
   dagger             [Unskilled]
   knife              [Unskilled]
   axe                [Unskilled]
   pick-axe           [Unskilled]
   short sword        [Unskilled]
   broadsword         [Unskilled]
   long sword         [Unskilled]
   two-handed sword   [Unskilled]
   saber              [Unskilled]
   mace               [Unskilled]
   morning star       [Unskilled]
   flail              [Unskilled]
   hammer             [Unskilled]
   quarterstaff       [Unskilled]
   polearms           [Unskilled]
   spear              [Unskilled]
   trident            [Unskilled]
   lance              [Unskilled]
   bow                [Unskilled]
   sling              [Unskilled]
   crossbow           [Unskilled]
   dart               [Expert]
   shuriken           [Unskilled]
   boomerang          [Unskilled]
   whip               [Unskilled]
   unicorn horn       [Unskilled]
 Spellcasting Skills
   divination spells  [Unskilled]
   enchantment spells [Unskilled]
   escape spells      [Unskilled]

Voluntary challenges:
 Character rerolling was not enabled.
 You never hit with a wielded weapon.
 You never genocided any monsters.
 You never polymorphed an object.
 You never changed form.
 You used 1 wish (for an artifact).
Achievements:
 You entered a shop.
 You attained the rank of Sightseer.
 You entered the Gnomish Mines.
 You entered Minetown.
 You entered a temple.
 You attained the rank of Excursionist.

 The Dungeons of Doom: levels 1 to 7
    Level 1:
    Level 2:
       A general store, a sink.
    Level 3:
       A potion shop, an altar to The Lady, a fountain.
    Level 4:
       A general store.
       Stairs down to The Gnomish Mines.
    Level 5:
       Some fountains.
    Level 6:
    Level 7:
 The Gnomish Mines: levels 5 to 7
    Level 5:
    Level 6: <- You were here.
       Final resting place for
          you, killed by a wolf.
    Level 7:
       Many shops, a temple and an altar, many fountains, some graves.
       Final resting place for
          Leegion-Kni-Hum-Mal-Law, killed by a dwarf, while praying,
          NvrPhazed-Sam-Hum-Mal-Law, killed by a watchman, while sleeping.


Vanquished creatures:
  2 ghosts
  a giant beetle
  a wolf
  a panther
 an iron piercer
  a brown pudding
  a lizard
  a dingo
  2 dogs
  a dwarf leader
  a blue jelly
  3 dust vortices
  2 human zombies
  4 fire ants
  a bugbear
  a wood nymph
  a water nymph
  9 Mordor orcs
  3 Uruk-hai
  a fog cloud
  2 yellow lights
  a violet fungus
  3 gnome leaders
  2 gnomish wizards
  a kobold mummy
  2 straw golems
  a paper golem
  2 giant ants
  5 floating eyes
  8 dwarves
  2 homunculi
  a kobold leader
  2 hill orcs
  2 rothes
  a rabid rat
  5 giant bats
  a dwarf zombie
  2 wererats
  a werejackal
  5 iguanas
  4 killer bees
  2 acid blobs
  2 coyotes
  a hobbit
  2 large kobolds
  4 hobgoblins
  a cave spider
  a brown mold
 23 gnomes
  4 garter snakes
  2 gnome zombies
  5 geckos
 10 jackals
  a fox
  2 kobolds
  2 goblins
  7 sewer rats
  7 grid bugs
  7 lichens
  2 kobold zombies
  9 newts
185 creatures vanquished.

No species were genocided or became extinct.

Game over:
                       ----------
                      /          \
                     /    REST    \
                    /      IN      \
                   /     PEACE      \
                  /                  \
                  |    DiePARTEI     |
                  |     1786 Au      |
                  | killed by a wolf |
                  |                  |
                  |                  |
                  |                  |
                  |       2026       |
                 *|     *  *  *      | *
        _________)/\\_//(\/(/\)/\//\/|_)_______

Aloha DiePARTEI the Tourist...

You died in The Gnomish Mines on dungeon level 6 with 9576 points,
and 1786 pieces of gold, after 8306 moves.
You were level 9 with a maximum of 74 hit points when you died.

